 Dungeon Crawl Stone Soup version bcrawl-1.18 (webtiles) character file.

Game seed: 4933428861655659675

265 Freyura the Skirmisher (level 6, 0/39 HPs)
             Began as a Gargoyle Fighter on Nov 4, 2019.
             Was a Follower of the Shining One.
             Slain by a white imp (3 damage)
             ... summoned by Eustachio
             ... on level 4 of the Dungeon.
             The game lasted 00:04:13 (1805 turns).

Freyura the Skirmisher (Gargoyle Fighter)           Turns: 1805, Time: 00:04:14

Health: 0/39       AC: 11    Str: 25    XL:     6   Next: 20%
Magic:  8/8        EV:  7    Int:  8    God:    the Shining One [*.....]
Gold:   225        SH:  9    Dex: 11    Spells: 5/5 levels left

rFire    + . .     SeeInvis .   a - +0 flail
rCold    x . .     Gourm    .   c - +0 shield
rNeg     + . .     Faith    .   b - +0 scale mail
rPois    ∞         Spirit   .   (no helmet)
rElec    +         Reflect  .   (no cloak)
rCorr    .         Harm     .   (no gloves)
MR       .....                  (no boots)
Stlth    ..........             (no amulet)
HPRegen  0.13/turn              k - ring of fire
MPRegen  0.11/turn              (no ring)

@: mighty, glowing
A: negative energy resistance 1, electricity resistance, unbreathing,
petrification resistance, rot immunity, AC +4
a: Renounce Religion


You were on level 4 of the Dungeon.
You worshipped the Shining One.
The Shining One was aware of your devotion.
You were near starving.

You visited 1 branch of the dungeon, and saw 4 of its levels.

You collected 225 gold pieces.

Inventory:

Hand Weapons
 a - a +0 flail (weapon)
Missiles
 l - a throwing net (quivered) {!f}
Armour
 b - a +0 scale mail (worn)
 c - a +0 shield (worn)
Jewellery
 k - a ring of fire (left hand)
Scrolls
 e - 7 scrolls of identify {unknown}
 i - a scroll of enchant armour {unknown}
 n - 4 scrolls of teleportation {unknown}
 q - a scroll of enchant weapon {unknown}
 r - a scroll of magic mapping {unknown}
Potions
 d - 2 potions of might
 g - a potion of lignification {unknown}
 h - 2 potions of curing {unknown}
 j - a potion of heal wounds {unknown}
 m - 2 potions of agility {unknown}
 o - a potion of berserk rage {unknown}
 p - a potion of flight {unknown}
 s - a potion of brilliance {unknown}
Comestibles
 f - 6 rations {!d}


   Skills:
 + Level 4.6 Fighting
 + Level 3.6 Maces & Flails
 + Level 4.6 Armour
 - Level 3.2 Shields
 + Level 2.8 Invocations


You had 5 spell levels left.
You didn't know any spells.
Your spell library was empty.

Dungeon Overview and Level Annotations

Branches:
Dungeon (4/12)
 Temple: D:4-7

Altars:
Dithmenos
Fedhas
Qazlal
Xom
The Shining One

Annotations:
D:4 Eustachio


Innate Abilities, Weirdness & Mutations

You are resistant to torment.
Your stone body is resilient. (AC +4)
You are immune to poison.
You resist negative energy. (rN+)
You are resistant to electric shocks. (rElec)
You can survive without breathing.
You are immune to petrification.
You are immune to rotting.


Message History

Eustachio is severely wounded.
You block the bat's attack. The bullfrog zombie hits you.
* * * LOW HITPOINT WARNING * * *
The white imp hits you but does no damage.
The quokka bites you but does no damage.
Eustachio gestures wildly while chanting.
Eustachio blinks!
You block the orc's attack. The bat barely misses you.
The bullfrog zombie hits you.
* * * LOW HITPOINT WARNING * * *
The white imp hits you but does no damage.
You thump the dart slug!
The dart slug is almost dead.
The bat barely misses you. x2; The quokka barely misses you.
The bullfrog zombie hits you but does no damage.
You block the orc's attack.
The quokka bites you but does no damage.
The white imp hits you.
* * * LOW HITPOINT WARNING * * *
The white imp freezes you.
You feel a terrible chill!
You die...

#.#.##.#..(..#
#.........# ..
###.##.#..###..# #
########.##.........##.
.........####..###....
.#######.####..###..#
###............# #
#..Z..###.##...##.#
#b@5..# #.........#
#wro..# ####...####
...b...# #...#
#.#......# #...# #
...#.########...####
...@..##.............
..... ..........>.....
##.... .##.............
#######...####


You could see Eustachio, a white imp, a dart slug, an orc, a bullfrog zombie, a
quokka and 2 bats.

Vanquished Creatures
  A phantom (D:3)
  A scorpion (D:3)
  A hound (D:3)
  A centaur skeleton (D:4)
  3 adders
  A worm (D:2)
  A dart slug (D:3)
  A leopard gecko (D:3)
  2 orcs (D:4)
  5 bats
  2 giant cockroaches (D:3)
  A goblin (D:2)
  4 hobgoblins
  6 jackals
  A quokka (D:3)
  2 frilled lizards
  5 kobolds
  3 rats
41 creatures vanquished.

Notes
Turn   | Place    | Note
-------+----------+-------------------------------------------
     0 | D:1      | Freyura the Gargoyle Fighter began the quest for the Orb.
     0 | D:1      | Reached XP level 1. HP: 14/14 MP: 1/1
   167 | D:1      | Reached XP level 2. HP: 18/19 MP: 2/2
   346 | D:2      | Found a glowing golden altar of the Shining One.
   360 | D:2      | Became a worshipper of the Shining One
   678 | D:2      | Found a blossoming altar of Fedhas.
   738 | D:2      | Found a stormy altar of Qazlal.
   738 | D:2      | Noticed an air elemental
   741 | D:2      | Noticed a fire elemental
   741 | D:2      | Noticed a water elemental
   741 | D:2      | Noticed an earth elemental
   774 | D:2      | Reached XP level 3. HP: 23/24 MP: 3/3
   954 | D:2      | Reached skill level 1 in Invocations
   962 | D:2      | Found a shadowy altar of Dithmenos.
  1174 | D:3      | Reached XP level 4. HP: 26/29 MP: 3/5
  1187 | D:3      | Reached XP level 5. HP: 28/33 MP: 4/6
  1293 | D:3      | Noticed a phantom
  1320 | D:3      | Killed a phantom
  1320 | D:3      | Reached XP level 6. HP: 38/39 MP: 6/8
  1496 | D:3      | Found a shimmering altar of Xom.
  1785 | D:4      | Noticed Eustachio
  1785 | D:4      | Reached * piety under the Shining One
  1805 | D:4      | Slain by a white imp

Skill      XL: |  1  2  3  4 |
---------------+-------------+-----
Invocations    | 1 2 |  2.8
Fighting       | 4 |  4.6
Maces & Flails | 3 |  3.6
Armour         | 4 |  4.6
Shields        | |  3.2

Action                   |  1- 3 |  4- 6 || total
-------------------------+-------+-------++-------
Melee: Flail             |    77 |    61 ||   138
  Use: Potion            |       |     1 ||     1
  Eat: Chunk             |     1 |       ||     1
Armor: Scale mail        |    47 |    43 ||    90
Dodge: Dodged            |    27 |    41 ||    68
Block: Shield            |    57 |    55 ||   112
